 Dungeon Crawl Stone Soup version 0.25.0-9-g26727b657a (webtiles) character file.

Game seed: 16766185260026025237

1796 protoss039 the Thaumaturge (level 8, -3/43 HPs)
             Began as a Deep Elf Fire Elementalist on June 20, 2020.
             Was an Initiate of Vehumet.
             Killed by divine providence
             ... invoked by an orc priest
              (11 damage)
             ... on level 7 of the Dungeon.
             The game lasted 00:19:16 (9710 turns).

protoss039 the Thaumaturge (DEFE)                   Turns: 9710, Time: 00:19:17

Health: -3/43      AC:  6    Str: 11    XL:     8   Next: 83%
Magic:  10/24      EV: 13    Int: 23    God:    Vehumet [......]
Gold:   231        SH:  0    Dex: 15    Spells: 21/28 levels left

rFire    . . .     SeeInvis .   o - +1 dagger (drain)
rCold    + . .     Gourm    .   (no shield)
rNeg     . . .     Faith    .   g - +1 robe of Barnacled Brilliance {*Contam Str+6 Slay+6}
rPois    .         Spirit   .   (no helmet)
rElec    .         Reflect  .   t - scarf {repulsion}
rCorr    +         Harm     .   s - +2 pair of gloves
MR       .....                  (no boots)
Stlth    ++........             (no amulet)
HPRegen  0.14/turn              d - ring of resist corrosion
MPRegen  0.19/turn              k - ring of protection from cold

@: repel missiles
A: no striking features
a: Renounce Religion


You were on level 7 of the Dungeon.
You worshipped Vehumet.
Vehumet was noncommittal.
You were not hungry.

You visited 2 branches of the dungeon, and saw 8 of its levels.

You collected 367 gold pieces.
You spent 136 gold pieces at shops.

Inventory:

Hand Weapons
 o - a +1 dagger of draining (weapon)
Armour
 g - the +1 robe of Barnacled Brilliance (worn) {*Contam Str+6 Slay+6}
   (You bought it in a shop on level 6 of the Dungeon)

   It affects your strength (+6).
   It affects your accuracy and damage with ranged weapons and melee attacks
   (+6).
   It causes magical contamination when unequipped.
 s - a +2 pair of gloves (worn)
 t - a scarf of repulsion (worn)
Jewellery
 d - a ring of resist corrosion (left hand)
 k - a ring of protection from cold (right hand)
Wands
 x - a wand of acid (10)
Scrolls
 m - 7 scrolls of remove curse
 u - 3 scrolls of teleportation
 v - 2 scrolls of identify
Potions
 b - a potion of heal wounds
 h - 2 potions of degeneration
 i - a potion of invisibility {unknown}
 j - a potion of resistance
 l - 2 potions of lignification {unknown}
 n - a potion of might {unknown}
 q - 4 potions of curing
 r - a potion of magic {unknown}
 A - 2 potions of flight {unknown}
Comestibles
 c - 8 rations


   Skills:
 + Level 1.1 Fighting
 + Level 0.8 Short Blades
 - Level 2.4 Dodging
 - Level 2.4 Stealth
 + Level 10.6 Spellcasting
 * Level 6.1 Conjurations
 * Level 7.0 Fire Magic


You had 21 spell levels left.
You knew the following spells:

 Your Spells              Type           Power        Failure   Level  Hunger
a - Foxfire               Conj/Fire      ####         1%          1    None
b - Conjure Flame         Conj/Fire      #####...     1%          3    None
c - Inner Flame           Hex/Fire       ####....     3%          3    None

Your spell library contained the following spells:

 Spells                   Type           Power        Failure   Level  Hunger
 Sticky Flame             Conj/Fire      #####...     3%          4    #......
 Fireball                 Conj/Fire      #####.....   10%         5    ####...


Dungeon Overview and Level Annotations

Branches:
Dungeon (7/15)             Temple (1/1) D:7

Altars:
Ashenzari
Cheibriados
Dithmenos
Elyvilon
Fedhas
Hepliaklqana
Kikubaaqudgha
Makhleb
Nemelex Xobeh
Okawaru
Qazlal
Ru
Trog
Vehumet
Wu Jian
Xom
Zin
The Shining One

Shops:
D:6 [

Annotations:
D:4 2 exclusions
D:6 1 exclusion


Message History

Casting: Foxfire (safe; 1% risk of failure)
Confirm with . or Enter, or press ? or * to list all spells.
You conjure some foxfire!
The orc warrior hits you from afar with a +0 trident.
An orc priest comes into view. It is wielding a staff of earth.
Unknown command.
Unknown command.
Your foxfire dissipates!
The foxfire hits the orc warrior but does no damage.
The orc warrior is severely wounded.
Unknown command.
Unknown command.
Casting: Foxfire (safe; 1% risk of failure)
Confirm with . or Enter, or press ? or * to list all spells.
You conjure some foxfire!
The orc warrior hits you from afar with a +0 trident!
* * * LOW HITPOINT WARNING * * *
The orc priest mumbles some strange prayers to Beogh against you.
Beogh smites you!
You die...

###.....# #z<...#
#.l.#....... #.#.
J..#.## # ## .###
##### .. #.[o#
#####.# #####o#.#
#######.......
#v.oo.#...
......#......#
#@#######o#
............. #v#
o# .............
#.# #
............. #.#
............. #.#
......#......###.#
......##+#####...#
##.....#.## #.###
............ #.#


You could see an orc warrior and 2 orc priests.

Vanquished Creatures
  A troll (D:6)
  Menkaure (D:6)
  A water moccasin (D:5)
  A black bear (D:6)
  A hornet zombie (D:6)
  An ice beast (D:5)
  A sky beast (D:5)
  3 ogres
  A bullfrog (D:6)
  A scorpion (D:4)
  2 howler monkeys
  A centaur zombie (D:5)
  A bullfrog skeleton (D:6)
  A hound (D:2)
  An orc priest (D:3)
  2 orc wizards
  2 iguanas
  2 worker ants
  A hound skeleton (D:5)
  10 adders
  A shadow imp (D:6)
  3 oozes
  An adder zombie (D:5)
  3 worms
  A leopard gecko (D:2)
  19 orcs
  A ball python (D:5)
  12 giant cockroaches
  10 hobgoblins
  11 jackals
  2 quokkas
  5 bats
  4 frilled lizards (D:2)
  7 goblins
  9 kobolds
  A leopard gecko skeleton (D:4)
  A leopard gecko zombie (D:5)
  2 rats
128 creatures vanquished.

Vanquished Creatures (collateral kills)
  A jelly (D:5)
  An orc (D:4)
2 creatures vanquished.

Vanquished Creatures (others)
  598 foxfires
598 creatures vanquished.

Grand Total: 728 creatures vanquished

Notes
Turn   | Place    | Note
-------+----------+-------------------------------------------
     0 | D:1      | protoss039 the Deep Elf Fire Elementalist began the quest
                  | for the Orb.
     0 | D:1      | Reached XP level 1. HP: 10/10 MP: 6/6
   338 | D:1      | Reached XP level 2. HP: 15/15 MP: 4/8
  1703 | D:2      | Reached skill level 4 in Spellcasting
  1703 | D:2      | Reached XP level 3. HP: 19/19 MP: 3/10
  2258 | D:2      | Reached XP level 4. HP: 24/24 MP: 5/12
  2361 | D:2      | Reached skill level 5 in Spellcasting
  2503 | D:2      | Found a blossoming altar of Fedhas.
  3024 | D:2      | Found a faded altar of an unknown god.
  3271 | D:2      | Found an ancient bone altar of Kikubaaqudgha.
  3414 | D:2      | Reached XP level 5. HP: 26/28 MP: 9/15
  4005 | D:3      | Reached skill level 6 in Spellcasting
  5338 | D:4      | Learned a level 3 spell: Conjure Flame
  5342 | D:4      | Learned a level 3 spell: Inner Flame
  5442 | D:4      | Reached XP level 6. HP: 33/33 MP: 6/17
  5573 | D:4      | Found a shattered altar of Ashenzari.
  5616 | D:4      | Reached skill level 7 in Spellcasting
  5616 | D:4      | Reached skill level 5 in Fire Magic
  6243 | D:4      | Found a sacrificial altar of Ru.
  6576 | D:5      | Entered Level 5 of the Dungeon
  6743 | D:3      | Found a sparkling altar of Nemelex Xobeh.
  6831 | D:5      | Found a shadowy altar of Dithmenos.
  6894 | D:5      | Found an ancient bone altar of Kikubaaqudgha.
  6914 | D:5      | Reached XP level 7. HP: 37/37 MP: 15/20
  7052 | D:5      | Reached skill level 8 in Spellcasting
  7077 | D:5      | Found a burning altar of Makhleb.
  7080 | D:5      | Found a glowing silver altar of Zin.
  7080 | D:5      | Noticed an angel
  7081 | D:5      | Noticed a cacodemon
  7200 | D:5      | Found a stormy altar of Qazlal.
  7404 | D:5      | Reached skill level 9 in Spellcasting
  7949 | D:5      | Reached XP level 8. HP: 13/42 MP: 18/23
  8653 | D:6      | Reached skill level 1 in Fighting
  8653 | D:6      | Reached skill level 10 in Spellcasting
  8757 | D:6      | Found Newyogh's Antique Armour Emporium.
  8765 | D:6      | Bought a twisted robe for 136 gold pieces
  8775 | D:6      | Identified the +1 robe of Barnacled Brilliance {*Contam
                  | Str+6 Slay+6} (You bought it in a shop on level 6 of the
                  | Dungeon)
  8793 | D:6      | Noticed a troll
  8819 | D:6      | Killed a troll
  8819 | D:6      | Reached skill level 5 in Conjurations
  9258 | D:6      | Noticed Menkaure
  9263 | D:6      | Killed Menkaure
  9512 | D:7      | Found a staircase to the Ecumenical Temple.
  9519 | Temple   | Entered the Ecumenical Temple
  9577 | Temple   | Became a worshipper of Vehumet
  9710 | D:7      | Killed from afar by an orc priest

Illustrated notes

Levels and vault maps discovered:
D:1:      dpeg_arrival_brainrot, layout_basic, minmay_worlds_worst_comb
D:2:      layout_basic, grunt_temple_overflow_growth_and_decay, first_ration,
          chequers_ecumenical_altar_grove, chequers_serial_rivers_small_3
D:3:      layout_basic, nicolae_overflow_hidden_temple
D:4:      layout_basic, cheibrodos_ashenzari_chains,
          nicolae_overflow_crystal_walls
D:5:      layout_loops_corners, grunt_temple_overflow_order_and_chaos_2,
          lemuel_doored_altar, lemuel_crystal_altar, basic_altar,
          kennysheep_donut, grunt_decor_one_mirror, minivault_23,
          minmay_misc_feat_tower
D:6:      layout_rooms, serial_shops, nicolae_shop_behind_doors, uniq_menkaure
D:7:      layout_basic, grunt_temple_overflow_open, minmay_temple_entry_arrows,
          enter_bailey_2, grunt_livestock
Temple:   nicolae_temple_figure_zero

Skill      XL: |  1  2  3  4  5  6  7  8 |
---------------+-------------------------+-----
Spellcasting   | 4 5 6 7 9 10 | 10.6
Fire Magic     | 4 5 7 |  7.0
Conjurations   | 2 3 4 6 |  6.1
Fighting       | 1 |  1.1
Short Blades   | |  0.8
Dodging        | |  2.4
Stealth        | |  2.4

Action                   |  1- 3 |  4- 6 |  7- 9 || total
-------------------------+-------+-------+-------++-------
Melee: Dagger            |    22 |    15 |     6 ||    43
 Cast: Foxfire           |   118 |   217 |   168 ||   503
  Use: Scroll            |       |     3 |     8 ||    11
       Potion            |       |       |     1 ||     1
  Eat: Chunk             |     4 |    12 |     1 ||    17
       Ration            |       |       |     3 ||     3
Armor: Robe              |    10 |     7 |    10 ||    27
Dodge: Dodged            |    31 |    33 |    45 ||   109
